 Dungeon Crawl Stone Soup version 0.22.0-38-g04b72b8 (webtiles) character file.

441 Monsterracer the Insei (level 7, 0/46 HPs)
             Began as an Octopode Monk on Aug 31, 2018.
             Was an Initiate of Ru.
             Slain by a gnoll (5 damage)
             ... on level 3 of the Dungeon.
             The game lasted 00:04:42 (3935 turns).

Monsterracer the Insei (Octopode Monk)              Turns: 3935, Time: 00:04:43

Health: 0/46       AC:  1    Str: 11    XL:     7   Next: 2%
Magic:  7/7        EV: 15    Int: 17    God:    Ru [......]
Gold:   86         SH:  2    Dex: 14    Spells: 6/6 levels left

rFire    . . .     SeeInvis .     - Unarmed
rCold    . . .     Gourm    .   (no shield)
rNeg     . . .     Faith    .   (helmet restricted)
rPois    .         Spirit   .   k - +2 amulet of reflection
rElec    .         Reflect  +   j - ring of teleportation (curse)
rCorr    .         Harm     .   n - +3 ring of intelligence
MR       .....     Rnd*Tele +   (no ring)
Stlth    +++.......             (no ring)
HPRegen  0.15/turn              (no ring)
MPRegen  0.10/turn              (no ring)
                                (no ring)
                                (no ring)

@: about to teleport, very slightly contaminated
A: almost no armour, stealthy swim, amphibious, 8 rings, constrict 8, camouflage
1, gelatinous body 1
a: Renounce Religion


You were on level 3 of the Dungeon.
You worshipped Ru.
Ru was noncommittal.
You were not hungry.

You visited 1 branch of the dungeon, and saw 3 of its levels.

You collected 86 gold pieces.

Inventory:

Missiles
 h - 2 throwing nets (quivered)
Jewellery
 j - a cursed ring of teleportation (left tentacle)
 k - a +2 amulet of reflection (around mantle)
 n - a +3 ring of intelligence (right tentacle)
Scrolls
 d - a scroll of teleportation {!r}
 i - a scroll of immolation {!r}
Potions
 a - 2 potions of lignification
 b - a potion of brilliance {unknown}
 e - a potion of berserk rage {unknown}
 g - a potion of curing {unknown}
 l - a potion of mutation {unknown}
 m - a potion of heal wounds {unknown}
Comestibles
 c - 7 rations
 o - 4 chunks of flesh


   Skills:
 + Level 3.5 Fighting
 + Level 3.6 Dodging
 + Level 3.8 Stealth
 * Level 6.8 Unarmed Combat


You had 6 spell levels left.
You didn't know any spells.
Your spell library was empty.

Dungeon Overview and Level Annotations

Branches:
Dungeon (3/15)

Altars:
Cheibriados
Ru


Innate Abilities, Weirdness & Mutations

You cannot wear most types of armour.
You are very stealthy in the water. (Stealth+)
You are amphibious.
You can wear up to eight rings at the same time.
You can use your tentacles to constrict eight enemies at once.
Your skin changes colour to match your surroundings (Stealth+).
Your rubbery body absorbs attacks. (AC +1, EV +1)


Message History

The orc priest is moderately wounded.
You constrict the orc priest.
The orc priest hits you but does no damage.
You tentacle-slap the orc priest. You squeeze the orc priest.
The orc priest is almost dead.
You constrict the orc priest.
You kill the orc priest!
You have reached level 7!
You regained 3 hp, and now have 32/46 hp.
MP restored: 7
Items here: ( )) [[ † You butcher the orc corpse.
A jackal comes into view.
Items here: % ( )) [[
Okay, then.
You start resting.
The worm is too close now for your liking.
You regained 4 hp, and now have 36/46 hp.
Items here: % ( )) [[ The worm bites you.
You take 1 damage, and have 36/46 hp.
You bludgeon the worm! You grab the worm. You squeeze the worm.
The worm is severely wounded.
You constrict the worm. You tentacle-slap the worm.
You kill the worm!
You see here a worm corpse.
You are suddenly yanked towards some nearby monsters!
Your surroundings suddenly seem different.
A gnoll shaman comes into view. It is wielding a club.
A gnoll comes into view. It is wielding a spear.
You regained 6 hp, and now have 42/46 hp.
There are monsters nearby!
A gnoll comes into view.
The gnoll shouts!
You tentacle-slap the gnoll shaman. Your grab misses the gnoll shaman.
You squeeze the gnoll shaman.
The gnoll shaman is heavily wounded.
You hear a shout! x2
The gnoll shaman hits you with a club.
You hear a shout! x4
You take 5 damage, and have 37/46 hp.
You tentacle-slap the gnoll shaman. Your grab misses the gnoll shaman.
Your squeeze misses the gnoll shaman.
The gnoll shaman is heavily wounded.
A gnoll comes into view. It is wielding a spear.
The gnoll shaman invokes the aid of its god against you.
You resist with some effort.
You tentacle-slap the gnoll shaman. You grab the gnoll shaman.
You squeeze the gnoll shaman, but do no damage.
The gnoll shaman is severely wounded.
You constrict the gnoll shaman, but do no damage.
A gnoll comes into view. It is wielding a flail.
The gnoll hits you from afar with a spear.
The gnoll shaman misses you.
You take 5 damage, and have 32/46 hp.
You tentacle-slap the gnoll shaman but do no damage.
The gnoll shaman is severely wounded.
You constrict the gnoll shaman, but do no damage.
A gnoll comes into view. It is wielding a spear.
A gnoll shaman comes into view. It is wielding a whip.
The gnoll closely misses you.
You tentacle-slap the gnoll shaman but do no damage.
You squeeze the gnoll shaman, but do no damage.
The gnoll shaman is severely wounded.
You constrict the gnoll shaman.
The gnoll hits you from afar with a spear.
The gnoll shaman completely misses you. The gnoll closely misses you.
The gnoll hits you.
You take 8 damage, and have 24/46 hp.
You tentacle-slap the gnoll shaman but do no damage.
The gnoll shaman is severely wounded.
You constrict the gnoll shaman.
The gnoll hits you from afar with a spear.
* * * LOW HITPOINT WARNING * * *
The gnoll shaman hits you with a club!
* * * LOW HITPOINT WARNING * * *
The gnoll closely misses you.
You take 11 damage, and have 13/46 hp.
MASSIVE DAMAGE!!
You tentacle-slap the gnoll shaman.
The gnoll shaman is almost dead.
You constrict the gnoll shaman. The gnoll hits you.
* * * LOW HITPOINT WARNING * * *
The gnoll hits you from afar with a spear!
* * * LOW HITPOINT WARNING * * *
The gnoll shaman misses you.
A gnoll comes into view. It is wielding a club.
The gnoll closely misses you.
You take 9 damage, and have 4/46 hp.
You release your grip on the gnoll shaman.
There is an open door here.
Blink to where?
Press: ? - help, Dir - move target cursor You are very lightly contaminated with residual magic.
As you read the scroll labeled PAELUMOG MAZY, it crumbles to dust.
It was a scroll of blinking.
Really read
d - 2 scrolls of teleportation {!r}?
As you read the scroll of teleportation {!r}, it crumbles to dust.
You feel strangely unstable. The gnoll hits you.
You die...

###########
......P..
.......
≈≈≈≈≈ ≈≈≈
##### #.@.#
#.g.# #g###
#g# #.# #g#


#gg.gg# #...g.# #####.# You could see 2 gnoll shamans and 5 gnolls.

Vanquished Creatures
  Sigmund (D:2)
  A gnoll shaman (D:3)
  An orc wizard (D:3)
  An orc priest (D:3)
  Jessica (D:3)
  5 adders
  3 gnolls (D:3)
  An ooze (D:2)
  3 worms
  A dart slug (D:1)
  2 leopard geckos
  9 orcs (D:3)
  3 giant cockroaches
  6 goblins
  6 hobgoblins
  3 jackals (D:3)
  2 quokkas
  A ball python (D:2)
  5 bats
  4 frilled lizards
  9 kobolds
  5 rats
73 creatures vanquished.

Notes
Turn   | Place    | Note
-------+----------+-------------------------------------------
     0 | D:1      | Monsterracer the Octopode Monk began the quest for the Orb.
     0 | D:1      | Reached XP level 1. HP: 16/16 MP: 1/1
   256 | D:1      | Reached XP level 2. HP: 21/21 MP: 2/2
  1142 | D:2      | Reached skill level 4 in Unarmed Combat
  1169 | D:2      | Noticed Sigmund
  1283 | D:2      | HP: 6/21 [Sigmund/magic dart (7)]
  1287 | D:2      | Killed Sigmund
  1287 | D:2      | Reached skill level 6 in Unarmed Combat
  1287 | D:2      | Reached XP level 3. HP: 8/26 MP: 3/3
  1287 | D:2      | Reached XP level 4. HP: 10/31 MP: 4/4
  1287 | D:2      | Reached XP level 5. HP: 12/36 MP: 5/5
  1907 | D:2      | Found a snail-covered altar of Cheibriados.
  2275 | D:2      | Reached XP level 6. HP: 32/42 MP: 6/6
  2707 | D:3      | HP: 20/42 [gnoll/halberd (12)]
  2969 | D:3      | Found a sacrificial altar of Ru.
  2979 | D:3      | Became a worshipper of Ru the Awakened
  3006 | D:3      | Fell from the grace of Ru
  3007 | D:3      | Became a worshipper of Ru the Awakened
  3024 | D:3      | Noticed Jessica
  3026 | D:3      | HP: 20/42 [Jessica/enchanted club (7)]
  3028 | D:3      | Killed Jessica
  3355 | D:3      | HP: 13/42 [ogre/giant club (18)]
  3373 | D:3      | HP: 14/42 [orc/stone (1)]
  3374 | D:3      | HP: 6/42 [gnoll/spear (9)]
  3846 | D:3      | Reached XP level 7. HP: 32/46 MP: 7/7
  3928 | D:3      | HP: 22/46 [gnoll/spear (2)]
  3929 | D:3      | HP: 4/46 [gnoll/spear (8)]
  3935 | D:3      | Slain by a gnoll

Skill      XL: |  1  2  3  4  5 |
---------------+----------------+-----
Unarmed Combat | 6 |  6.8
Stealth        | 3 |  3.8
Fighting       | |  3.5
Dodging        | |  3.6

Action                   |  1- 3 |  4- 6 |  7- 9 || total
-------------------------+-------+-------+-------++-------
Melee: Unarmed           |    41 |   125 |     9 ||   175
       Constrict         |    13 |    38 |     2 ||    53
       Tentacles         |     8 |    17 |     4 ||    29
       Punch             |       |     6 |       ||     6
Invok: Renounce Religion |       |     1 |       ||     1
  Use: Scroll            |       |     8 |     2 ||    10
 Stab: Sleeping          |     9 |     9 |       ||    18
       Invisible         |       |     1 |       ||     1
       Paralysed         |       |     1 |       ||     1
  Eat: Chunk             |     1 |     8 |       ||     9
Armor: Skin              |     2 |     7 |       ||     9
Dodge: Dodged            |    21 |    64 |     7 ||    92

Vault maps used:
D:1:      nagdon_arrival_double_spiral
D:2:      kennysheep_six_static_rooms, lemuel_doored_altar, first_ration,
          uniq_sigmund
D:3:      lemuel_castle_with_subvaults, nicolae_ru_great_annihilating_truth,
          uniq_jessica
